 Dungeon Crawl Stone Soup version 0.32-a0-900-g30fb1b0edc (webtiles) character file.

Game seed: 17682696916084211729

16691 KennySheep the Covert (level 12, 0/165 HPs)
             Began as an Armataur Delver on Apr 5, 2024.
             Was a High Priest of Trog.
             Slain by an orc knight
             ... wielding a +0 great mace
              (27 damage)
             ... on level 1 of the Orcish Mines on Apr 6, 2024.
             The game lasted 01:01:33 (12150 turns).

KennySheep the Covert (Armataur Delver)            Turns: 12150, Time: 01:01:34

Health: 0/165      AC: 11    Str: 30    XL:     12   Next: 12%
Magic:  12/12      EV:  9    Int: 15    God:    Trog [*****.]
Gold:   756        SH:  0    Dex: 18    Spells: 11/11 levels left

rFire   . . .        E - +6 short sword "Seled" {vamp, Will+ Int+3 Dex+3}
rCold   . . .        (no shield)
rNeg    . . .        x - +2 steam dragon scales
rPois   .            j - +2 helmet
rElec   .            m - +0 cloak
rCorr   .            (no gloves)
SInv    .            (no barding)
Will    +....        (no amulet) Stlth
                     q - +6 ring of strength
HPRegen 0.47/turn    s - +6 ring of strength
MPRegen 0.13/turn

%: roll
@: berserking, studying Shields, very quick
A: large, deformed body, tough skin 3, armoured tail, rollpage 2
a: Renounce Religion, Berserk, Trog's Hand, Brothers in Arms


You were on level 1 of the Orcish Mines.
You worshipped Trog.
Trog was extremely pleased with you.
You visited 3 branches of the dungeon, and saw 14 of its levels.

You collected 847 gold pieces.
You spent 91 gold pieces at shops.

Inventory:

Hand Weapons
 a - a +0 short sword
 h - a +3 dagger of venom
 E - the +6 short sword "Seled" (weapon) {vamp, Will+ Int+3 Dex+3}
   (You found it on level 9 of the Dungeon)

   Int+3:     It affects your intelligence (+3).
   Dex+3:     It affects your dexterity (+3).
   Will+:     It increases your willpower.
Missiles
 w - a throwing net (quivered)
Armour
 j - a +2 helmet (worn)
 m - a +0 cloak (worn)
 x - +2 steam dragon scales (worn)
Jewellery
 q - a +6 ring of strength (left hand)
 s - a +6 ring of strength (right hand)
 y - a ring of protection from fire
 C - a ring of protection from cold
 H - a ring of willpower
Wands
 g - a wand of digging (11)
 l - a wand of flame (51)
 z - a wand of warping (7)
 D - a wand of polymorph (4)
 F - a wand of paralysis (4)
Scrolls
 b - 2 scrolls of revelation
 c - a scroll of fog
 e - 2 scrolls of fear
 k - 2 scrolls of summoning
 n - a scroll of identify
 o - a scroll of teleportation
 p - a scroll of vulnerability
 r - a scroll of immolation {unknown}
 A - 2 scrolls of enchant weapon
 G - a scroll of poison {unknown}
 J - a scroll of brand weapon {unknown}
Potions
 d - a potion of resistance {unknown}
 f - a potion of haste
 i - a potion of might
 t - a potion of berserk rage {unknown}
 u - a potion of cancellation {unknown}
 v - a potion of mutation {unknown}
 B - a potion of brilliance {unknown}
 I - a potion of magic {unknown}


   Skills:
 + Level 11.2 Fighting
 + Level 10.8 Short Blades
 - Level 1.3 Dodging
 + Level 14.6 Stealth


You had 11 spell levels left.
You didn't know any spells.
Your spell library was empty.

Dungeon Overview and Level Annotations

Branches:
Dungeon (12/15)            Temple (0/1) D:4            Lair (1/5) D:10
    Orc (1/2) D:10

Altars:
Dithmenos
Elyvilon
Fedhas
Gozag
Makhleb
Nemelex Xobeh
Okawaru
Ru
Sif Muna
Trog
Wu Jian
Yredelemnul
The Shining One

Shops:
D:4 !   D:7 (


Innate Abilities, Weirdness & Mutations

Armour fits poorly on your strangely shaped body.
You have extremely tough skin. (AC +3)
You have a long armoured tail.
You regenerate magic and health when rolling toward enemies. (Rampage Regen)


Message History

The orc warlord is heavily wounded.
The orc knight hits you with a +0 great mace.
The orc warlord hits you with a +0 great mace!!!
* * * LOW HITPOINT WARNING * * *
You barely miss the orc warlord. You tail-slap the orc warlord!
The orc warlord is severely wounded.
You hit the orc warlord but do no damage.
The orc warlord is severely wounded.
You hit the orc warlord.
The orc warlord is severely wounded.
The orc warlord hits you with a +0 great mace!
* * * LOW HITPOINT WARNING * * *
The orc knight closely misses you.
You hit the orc warlord but do no damage.
The orc warlord is severely wounded.
You puncture the orc warlord!
You feel better.
You tail-slap the orc warlord!
The orc warlord is severely wounded.
You hit the orc warlord.
You feel better.
You tail-slap the orc warlord, but do no damage.
The orc warlord is almost dead.
The orc knight hits you with a +0 great mace!
* * * LOW HITPOINT WARNING * * *
The orc warlord hits you but does no damage.
You closely miss the orc warlord.
The orc warlord is almost dead.
You hit the orc warlord.
You feel better.
You tail-slap the orc warlord!
The orc warlord is almost dead.
You hit the orc warlord.
The orc warlord is almost dead.
You closely miss the orc warlord. You tail-slap the orc warlord!
You kill the orc warlord!
Trog accepts your kill. The orc knight barely misses you.
You hit the orc knight but do no damage.
Your tail-slap misses the orc knight.
You completely miss the orc knight.
Your tail-slap misses the orc knight.
You hit the orc knight.
You feel better.
The orc knight is lightly wounded.
The orc knight hits you with a +0 great mace!!
You die...

##.........### #........##
###......## ### #########
#.#.......# ##.####...)...##
##.........### #...##..)))....#
.##..###.....###..##..)#####..#
......##..>.##....##..##...##+#
#....###.)..#....#.ß.)#..[..#
.....##.))).....@)....#.....#$$
#.........)..##..o....#.....+$$
#...........###.....).#.....#$$
##.........###.....ß).#..[..#$
###......## ##.####.)##...##
##.........# ### #...#####
#....<.....## ##........
#.....##....### ##.......
##..####....#.# #######


You could see an orc knight (strong).

Vanquished Creatures
  An orc warlord (Orc:1)
  2 two-headed ogres
  Maurice (D:8)
  3 kobold demonologists (D:11)
  An unseen horror (D:11)
  4 cane toads (Lair:1)
  A komodo dragon (D:11)
  Psyche (D:11)
  2 trolls (D:10)
  A hornet (D:11)
  Prince Ribbit (D:7)
  A blink frog (Lair:1)
  Grinder (D:4)
  Sigmund (D:4)
  2 wraiths
  A wyvern (D:10)
  A shadow (D:11)
  A vampire (D:10)
  17 yaks
  3 vampire mosquitoes (D:10)
  3 steam dragons
  Menkaure (D:4)
  Duvessa (D:7)
  6 water moccasins
  4 ice beasts
  2 sky beasts (D:8)
  7 orc warriors
  2 black bears
  A centaur (D:6)
  A weeping skull (D:6)
  8 kobold brigands
  14 bullfrogs
  A gnoll sergeant (D:9)
  Blork the orc (D:4)
  2 scorpions
  6 wights
  2 wyvern zombies (D:6)
  Dowan (D:7)
  9 killer bees (D:8)
  An electric eel (D:10)
  4 bombardier beetles
  A human zombie (D:6)
  3 hounds
  4 jellies
  4 orc priests
  2 gnoll boudas
  2 sleepcaps
  7 iguanas
  6 orc wizards
  A hell rat (D:10)
  A killer bee zombie (D:6)
  5 mummies (D:6)
  8 adders
  14 gnolls
  3 shadow imps
  A white imp (D:6)
  2 ufetubi (D:5)
  3 dart slugs
  A ribbon worm (D:2)
  31 orcs
  8 ball pythons
  2 bats (D:1)
  8 endoplasms
  5 giant cockroaches
  8 goblins
  9 hobgoblins
  2 jackals (D:1)
  2 quokkas
  4 frilled lizards
  56 kobolds
  10 rats
336 creatures vanquished.

Notes
Turn   | Place    | Note
-------+----------+-------------------------------------------
     0 | D:5      | KennySheep the Armataur Delver began the quest for the Orb.
     0 | D:5      | Reached XP level 1. HP: 18/18 MP: 1/1
    38 | D:5      | Noticed an iguana
    82 | D:5      | Found a bloodstained altar of Trog.
    82 | D:5      | Noticed a black bear
    90 | D:5      | Became a worshipper of Trog the Wrathful
   105 | D:4      | Noticed Sigmund
   152 | D:4      | Noticed Menkaure
   276 | D:1      | Reached XP level 2. HP: 24/25 MP: 2/2
   757 | D:1      | Reached XP level 3. HP: 31/31 MP: 3/3
  1306 | D:2      | Found a blossoming altar of Fedhas.
  1801 | D:2      | Reached * piety under Trog
  1890 | D:2      | Identified a scroll of acquirement
  1891 | D:2      | Acquired a manual of Shields
  1935 | D:2      | Reached skill level 6 in Stealth
  2134 | D:3      | Reached XP level 4. HP: 38/38 MP: 4/4
  2641 | D:3      | Found the +18 Lear's hauberk
  2696 | D:4      | Found Kises's Distillery.
  2708 | D:4      | Bought a potion of might for 52 gold pieces
  2708 | D:4      | Bought a potion of curing for 39 gold pieces
  2790 | D:4      | Reached XP level 5. HP: 46/46 MP: 5/5
  2802 | D:4      | Noticed Grinder
  2820 | D:4      | Paralysed by Grinder for 2 turns
  2879 | D:4      | Paralysed by Grinder for 4 turns
  2887 | D:4      | Paralysed by Grinder for 4 turns
  2894 | D:4      | Killed Grinder
  2895 | D:4      | Reached skill level 7 in Stealth
  2895 | D:4      | Reached XP level 6. HP: 25/53 MP: 6/6
  3027 | D:4      | Upgraded the game from 0.32-a0-898-g7811c86cf0 to
                  | 0.32-a0-900-g30fb1b0edc
  3045 | D:4      | Reached ** piety under Trog
  3092 | D:4      | Found a staircase to the Ecumenical Temple.
  3328 | D:4      | Found a glowing golden altar of the Shining One.
  3329 | D:4      | Noticed Blork the orc
  3344 | D:4      | Killed Blork the orc
  3483 | D:4      | Gained mutation: You regenerate magic and health when
                  | rolling toward enemies. (Rampage Regen) [Armataur growth]
  3483 | D:4      | Reached XP level 7. HP: 55/60 MP: 7/7
  3550 | D:4      | Killed Menkaure
  3551 | D:4      | Reached skill level 5 in Fighting
  3773 | D:5      | Reached skill level 8 in Stealth
  4049 | D:5      | Found a shadowy altar of Dithmenos.
  4117 | D:5      | Reached skill level 5 in Short Blades
  4270 | D:5      | Reached XP level 8. HP: 65/69 MP: 8/8
  4742 | D:5      | Reached skill level 9 in Stealth
  5084 | D:6      | Reached *** piety under Trog
  5089 | D:6      | Reached XP level 9. HP: 78/78 MP: 9/9
  5103 | D:6      | Reached skill level 10 in Stealth
  5108 | D:6      | Found a basalt altar of Yredelemnul.
  5584 | D:7      | Found a sparkling altar of Nemelex Xobeh.
  5965 | D:7      | Reached skill level 11 in Stealth
  6214 | D:7      | Found Seileq's Weapon Emporium.
  6347 | D:7      | Noticed Duvessa
  6351 | D:7      | Killed Duvessa
  6352 | D:7      | Noticed Dowan
  6359 | D:7      | Killed Dowan
  6375 | D:7      | Noticed Prince Ribbit
  6378 | D:7      | Killed Prince Ribbit
  6379 | D:7      | Reached XP level 10. HP: 88/88 MP: 10/10
  6487 | D:8      | Noticed Maurice
  6636 | D:8      | Reached **** piety under Trog
  7319 | D:8      | Maurice stole a ring of protection from fire
  7323 | D:8      | Killed Maurice
  7324 | D:8      | Reached skill level 12 in Stealth
  7417 | D:9      | Identified the +6 short sword "Seled" {vamp, Will+ Int+3
                  | Dex+3}
  7612 | D:9      | Found an opulent altar of Gozag.
  7613 | D:9      | Found an opulent altar of Gozag.
  7617 | D:9      | Found an opulent altar of Gozag.
  7676 | D:9      | Found an opulent altar of Gozag.
  7896 | D:9      | Found a burning altar of Makhleb.
  7896 | D:9      | Found a shimmering blue altar of Sif Muna.
  7896 | D:9      | Found a white marble altar of Elyvilon.
  7896 | D:9      | Found an iron altar of Okawaru.
  7903 | D:9      | Found a sacrificial altar of Ru.
  7905 | D:9      | Found an ornate altar of the Wu Jian Council.
  8302 | D:10     | Entered Level 10 of the Dungeon
  8603 | D:10     | Reached XP level 11. HP: 70/97 MP: 11/11
  8629 | D:10     | Reached ***** piety under Trog
  8671 | D:10     | Found a staircase to the Lair.
  8736 | D:10     | Reached skill level 13 in Stealth
  9028 | D:10     | Found a staircase to the Orcish Mines.
  9248 | D:10     | Identified the +7 acid dragon scales of Day {rElec rCorr
                  | Dex+4}
  9557 | D:11     | Noticed Psyche
  9561 | D:11     | Killed Psyche
  9618 | D:11     | Noticed a two-headed ogre
  9942 | D:4      | Killed Sigmund
  9943 | D:4      | Reached skill level 10 in Fighting
 10080 | Lair:1   | Entered Level 1 of the Lair of Beasts
 10108 | Lair:1   | HP: 1/99 [cane toad (18)]
 10363 | Lair:1   | Reached skill level 10 in Short Blades
 10503 | Lair:1   | Noticed a catoblepas
 10886 | D:11     | Reached skill level 14 in Stealth
 11031 | D:11     | Killed a two-headed ogre
 11685 | D:12     | Noticed a two-headed ogre
 11689 | D:12     | Killed a two-headed ogre
 11738 | Orc:1    | Entered Level 1 of the Orcish Mines
 11755 | Orc:1    | Reached XP level 12. HP: 109/110 MP: 12/12
 11756 | Orc:1    | Received a gift from Trog
 11860 | Orc:1    | Noticed an orc warlord
 12147 | Orc:1    | Killed an orc warlord
 12150 | Orc:1    | Slain by an orc knight

Illustrated notes

Levels and vault maps discovered:
D:1:      eino_arrival_water_star, layout_basic, st_stairs_14, chequers_garden
D:2:      layout_loops_ring, basic_altar, minmay_puff
D:3:      minmay_skewed_foursquare, layout_loops_cross
D:4:      layout_rooms, mainiacjoe_overflow_cross_hatched,
          minmay_temple_entry_from_below_a, serial_shops,
          nicolae_shop_gibbet_a_chance, uniq_grinder, uniq_blork_the_orc,
          uniq_sigmund, uniq_menkaure
D:5:      kennysheep_steamy, layout_basic, nicolae_dithmenos_shadow_blocks,
          lemuel_crystal_altar
D:6:      layout_rooms, lemuel_mausoleum_altar_yredelemnul
D:7:      layout_loops_ring, old_standard_altar, serial_shops,
          nicolae_shop_back_alley_shop, st_stairs_7, uniq_duvessa,
          uniq_prince_ribbit1
D:8:      layout_cave_pods, uniq_maurice
D:9:      layout_basic, nicolae_gozag_conspicuous_consumption,
          minmay_overflow_temple_hex, nrook_pool_corridor
D:10:     layout_stronghold, dpeg_lair_monsters, orc_0_dummy,
          chequers_serial_rivers_room_a, minmay_crystal_water
D:11:     layout_rooms, uniq_psyche
D:12:     layout_rooms, serial_shops, nicolae_shop_scrapyard, minivault_1
Lair:1:   layout_chaotic_city, worms_lemuel, lemuel_fruit_tree
Orc:1:    cheibrodos_orc_arena, layout_diamond_mine, serial_shops, shop

Skill      XL: |  1  2  3  4  5  6  7  8  9 10 11 |
---------------+----------------------------------+-----
Short Blades   | 2 3 4 5 6 7 9 10 | 10.8
Fighting       | 3 4 5 6 8 9 11 | 11.2
Stealth        | 6 7 8 9 11 12 14 | 14.6
Dodging        | |  1.3

Action                     |  1- 3 |  4- 6 |  7- 9 | 10-12 || total
---------------------------+-------+-------+-------+-------++-------
  Melee: Short sword       |   140 |       |       |   470 ||   610
         Tailslap          |    17 |    16 |    53 |   111 ||   197
         Dagger            |    30 |   125 |   354 |   132 ||   641
  Throw: Throwing net      |       |       |       |     1 ||     1
 Invoke: Berserk           |       |     1 |     4 |     4 ||     9
  Evoke: Wand              |       |       |       |     1 ||     1
    Use: Scroll            |     7 |     1 |     4 |     2 ||    14
         Potion            |     1 |     2 |       |     5 ||     8
   Stab: Sleeping          |    14 |     5 |    24 |    36 ||    79
         Distracted        |       |       |     2 |     1 ||     3
         Petrified         |       |       |       |     1 ||     1
 Armour: Leather armour    |    74 |    52 |    82 |       ||   208
         Skin              |    24 |     9 |       |       ||    33
         Steam dragon scal |       |       |   127 |   410 ||   537
  Dodge: Dodged            |    51 |    44 |   120 |   181 ||   396

Table legend: (Time is in decaauts)
 A = Elapsed time spent in this place.
 B = Non-inter-level travel time spent in this place.
 C = Inter-level travel time spent in this place.
 D = Time resting spent in this place.
 E = Time spent auto-exploring this place.
 F = Levels seen in this place.
 G = Mean time per level.
                   A        B        C        D        E       F      G
               +--------+--------+--------+--------+--------+-----+--------+
         Total |  11810 |  11077 |    733 |   1457 |   6933 |  14 |  843.6 |
       Dungeon |  10907 |  10175 |    732 |   1031 |   6730 |  12 |  908.9 |
          Lair |    541 |    541 |      0 |    242 |    102 |   1 |  541.0 |
  Orcish Mines |    362 |    362 |      0 |    184 |    101 |   1 |  362.0 |
               +--------+--------+--------+--------+--------+-----+--------+

Top non-repeatable levels by time:
    D:10: 1507 daAuts
     D:5: 1242 daAuts
     D:4: 1070 daAuts
     D:7: 1017 daAuts
     D:8: 971 daAuts
     D:2: 943 daAuts
     D:1: 942 daAuts
    D:11: 907 daAuts
     D:9: 881 daAuts
     D:3: 726 daAuts
     D:6: 681 daAuts
  Lair:1: 541 daAuts
   Orc:1: 362 daAuts
    D:12: 15 daAuts
